 Dungeon Crawl Stone Soup version 0.25.1-2-g60ff931df9 (webtiles) character file.

Game seed: 13191597188151639281

7280 Cykl0x the Carver (level 11, -13/83 HPs)
             Began as a Formicid Fighter on Oct 22, 2020.
             Was a Believer of the Shining One.
             Mangled by an orc warrior
             ... wielding a +0 trident
              (19 damage)
             ... on level 11 of the Dungeon.
             The game lasted 00:22:16 (10853 turns).

Cykl0x the Carver (Formicid Fighter)               Turns: 10853, Time: 00:22:16

Health: -13/83     AC: 12    Str: 23    XL:     11   Next: 34%
Magic:  16/16      EV: 11    Int:  9    God:    the Shining One [**....]
Gold:   703        SH: 13    Dex: 10    Spells: 10/10 levels left

rFire    + + +     SeeInvis +   a - +1 long sword
rCold    + . .     Gourm    .   c - +2 kite shield
rNeg     + . .     Faith    +   J - +4 scale mail {rF+}
rPois    .         Spirit   .   (helmet unavailable)
rElec    .         Reflect  .   B - scarf {rC+ rF+}
rCorr    .         Harm     .   (no gloves)
MR       +....                  (no boots)
Stlth    ..........             A - amulet of faith
HPRegen  0.23/turn              i - ring of protection from fire
MPRegen  0.15/turn              q - ring of protection from fire

@: glowing
A: permanent stasis, dig shafts and tunnels, four strong arms, antennae 3
a: Dig, Shaft Self, Divine Shield, Renounce Religion


You were on level 11 of the Dungeon.
You worshipped the Shining One.
The Shining One was pleased with you.
You were not hungry.

You visited 2 branches of the dungeon, and saw 12 of its levels.

You collected 703 gold pieces.

Inventory:

Hand Weapons
 a - a +1 long sword (weapon)
Missiles
 j - 26 poisoned darts (quivered)
 z - 2 javelins
Armour
 b - a +0 scale mail
 c - a +2 kite shield (worn)
 l - a +0 chain mail
 w - a +1 cloak of stealth
 B - a scarf of resistance (worn)
 G - a +0 plate armour
 J - a +4 scale mail of fire resistance (worn)
Jewellery
 i - a ring of protection from fire (left hand)
 q - a ring of protection from fire (right hand)
 x - an uncursed ring of magical power
 A - an amulet of faith (around neck)
 F - an uncursed amulet of the acrobat {unknown}
Wands
 r - a wand of paralysis (8)
 u - a wand of polymorph (7)
 C - a wand of enslavement (7)
Scrolls
 d - 2 scrolls of fog
 p - 3 scrolls of remove curse
 s - 6 scrolls of magic mapping
 y - 4 scrolls of amnesia
 E - 2 scrolls of fear
 H - a scroll of enchant armour
Potions
 e - 2 potions of cancellation
 g - 3 potions of stabbing
 h - 2 potions of invisibility
 k - 2 potions of heal wounds
 m - a potion of flight
 n - 3 potions of curing
 o - a potion of resistance
 t - 2 potions of magic
 v - 2 potions of brilliance
 D - a potion of mutation
Comestibles
 f - 24 rations


   Skills:
 + Level 6.6 Fighting
 + Level 9.5 Long Blades
 + Level 4.7 Throwing
 + Level 8.5 Armour
 + Level 2.3 Dodging
 - Level 0.3 Stealth
 + Level 8.7 Shields
 * Level 7.6 Invocations


You had 10 spell levels left.
You didn't know any spells.
Your spell library contained the following spells:

 Spells                   Type           Power        Failure   Level  Hunger
 Animate Skeleton         Necr           N/A          67%         1    ##.....
 Apportation              Tloc           #.....       67%         1    ##.....
 Corona                   Hex            #......      67%         1    ##.....
 Sandblast                Erth           #.....       67%         1    ##.....
 Summon Small Mammal      Summ           #...         67%         1    ##.....
 Passwall                 Tmut/Erth      #.......     82%         2    ###....
 Shroud of Golubria       Chrm/Tloc      #.....       82%         2    ###....
 Gell's Gravitas          Tloc           #.........   96%         3    ####...
 Lesser Beckoning         Tloc           #.........   96%         3    ####...
 Stone Arrow              Conj/Erth      #.....       96%         3    ####...
 Teleport Other           Tloc           #.......     96%         3    ####...
 Passage of Golubria      Tloc           N/A          100%        4    #####..
 Petrify                  Tmut/Erth      #.......     100%        4    #####..
 Lee's Rapid Deconstruct  Erth           #.........   100%        5    ######.
 Blink                    Tloc           Unusable     N/A         2    N/A

Dungeon Overview and Level Annotations

Branches:
Dungeon (11/15)            Temple (1/1) D:5
   Lair: D:8-11         Orc: D:9-12

Altars:
Ashenzari
Cheibriados
Elyvilon
Fedhas
Gozag
Hepliaklqana
Makhleb
Qazlal
Ru
Sif Muna
Trog
Uskayaw
Vehumet
Wu Jian
Xom
Yredelemnul
Zin
The Shining One

Shops:
D:5 (   D:8 [   D:10 %


Innate Abilities, Weirdness & Mutations

You cannot be hasted, slowed, berserked, paralysed or teleported.
You can dig through walls and to a lower floor.
Your four strong arms can wield two-handed weapons with a shield.
You have a pair of large antennae on your head. (SInv)


Message History

You hit the yak.
The yak is almost dead.
The yak gores you!
* * * LOW HITPOINT WARNING * * *
You hit the yak but do no damage.
The yak is almost dead.
The orc warrior hits you but does no damage.
You block the yak's attack.
You hit the yak.
The yak is almost dead.
The orc warrior hits you from afar with a +0 trident!
* * * LOW HITPOINT WARNING * * *
You block the yak's attack.
You slash the yak!
You kill the yak!
The orc warrior barely misses you.
You hit the orc.
The orc is moderately wounded.
The orc warrior hits you from afar with a +0 trident!!
You die...

#........(.........
#...<<..'...##.....
#.......###..+.....
#.......##)###.....
#.......###.# ....
{ +.......# ### ...
{ #.......#
{##......# {
{{###@#####
{{{#oY#.#
..{ooooo##.#
....ooo#. +#
..####. .. . #. ...
#. .... #. ..... #.
......


You could see a yak, an orc warrior and 8 orcs.

Vanquished Creatures
  Harold (D:11)
  An unseen horror (D:10)
  Joseph (D:7)
  2 trolls
  Prince Ribbit (D:7)
  4 yaks (D:11)
  Eustachio (D:6)
  Grum (D:5)
  A steam dragon (D:7)
  Edmund (D:6)
  Duvessa (D:7)
  A soldier ant (D:10)
  2 water moccasins (D:6)
  2 ice beasts (D:7)
  2 orc warriors
  A phantom (D:6)
  A black bear (D:11)
  A necrophage (D:8)
  3 sky beasts
  2 wolves (D:11)
  3 ogres
  2 centaurs
  A big kobold (D:9)
  A gnoll sergeant (D:5)
  2 bullfrogs (D:6)
  Dowan (D:7)
  5 scorpions
  4 killer bees (D:11)
  A quasit (D:11)
  3 crimson imps
  A gnoll shaman (D:5)
  3 bullfrog skeletons
  Crazy Yiuf (D:4)
  14 hounds
  4 orc priests
  6 orc wizards
  2 iguanas
  4 worker ants
  7 gnolls (D:5)
  9 adders
  A howler monkey skeleton (D:8)
  2 shadow imps
  An adder zombie (D:8)
  An adder skeleton (D:6)
  2 worms
  4 leopard geckos
  29 orcs
  7 bats
  6 giant cockroaches
  7 goblins
  7 hobgoblins
  4 jackals
  2 quokkas
  7 frilled lizards
  A jackal zombie (D:8)
  15 kobolds
  A leopard gecko skeleton (D:7)
  8 rats
209 creatures vanquished.

Notes
Turn   | Place    | Note
-------+----------+-------------------------------------------
     0 | D:1      | Cykl0x the Formicid Fighter began the quest for the Orb.
     0 | D:1      | Reached XP level 1. HP: 18/18 MP: 1/1
   328 | D:1      | Reached XP level 2. HP: 22/24 MP: 2/2
   893 | D:2      | Found a stormy altar of Qazlal.
   904 | D:2      | Reached XP level 3. HP: 30/30 MP: 3/3
   935 | D:2      | Found a faded altar of an unknown god.
  1367 | D:2      | Reached skill level 1 in Throwing
  1369 | D:2      | Reached skill level 1 in Dodging
  1369 | D:2      | Reached XP level 4. HP: 27/37 MP: 4/4
  2068 | D:3      | Found a bloodstained altar of Trog.
  2211 | D:3      | Reached XP level 5. HP: 30/42 MP: 5/5
  2403 | D:3      | Reached skill level 3 in Long Blades
  2550 | D:3      | Found a radiant altar of Vehumet.
  2600 | D:3      | You fall into a shaft and drop 1 floor!
  2687 | D:4      | Noticed an ogre
  2721 | D:4      | Killed an ogre
  2721 | D:4      | Reached XP level 6. HP: 48/48 MP: 6/6
  2788 | D:3      | Noticed a +0 dagger
  2788 | D:3      | Noticed a +0 dagger
  2789 | D:3      | Found a hide-covered altar of Uskayaw.
  2833 | D:3      | Found a snail-covered altar of Cheibriados.
  3440 | D:4      | Reached skill level 5 in Armour
  3556 | D:4      | Found a shimmering blue altar of Sif Muna.
  3600 | D:4      | Found a runed translucent door.
  3601 | D:4      | Noticed Crazy Yiuf
  3612 | D:4      | Killed Crazy Yiuf
  3612 | D:4      | Reached XP level 7. HP: 38/53 MP: 7/7
  3794 | D:4      | Reached skill level 4 in Long Blades
  3801 | D:4      | Reached skill level 5 in Shields
  4049 | D:4      | Found a basalt altar of Yredelemnul.
  4051 | D:4      | Found a hazy altar of Hepliaklqana.
  4051 | D:4      | Found a blossoming altar of Fedhas.
  4063 | D:4      | Found a shimmering altar of Xom.
  4063 | D:4      | Found a sparkling altar of Nemelex Xobeh.
  4063 | D:4      | Found a burning altar of Makhleb.
  4289 | D:5      | Entered Level 5 of the Dungeon
  4655 | D:5      | Found a staircase to the Ecumenical Temple.
  4673 | Temple   | Entered the Ecumenical Temple
  4682 | Temple   | Became a worshipper of the Shining One
  4819 | D:5      | Found Kogot's Weapon Shoppe.
  4870 | D:5      | Reached XP level 8. HP: 60/61 MP: 8/8
  4929 | D:5      | Reached skill level 5 in Long Blades
  4929 | D:5      | Reached skill level 1 in Invocations
  5349 | D:5      | Noticed Grum
  5362 | D:5      | Killed Grum
  5568 | D:5      | Found a basalt altar of Yredelemnul.
  5860 | D:6      | Reached XP level 9. HP: 64/67 MP: 11/11
  5905 | D:6      | Reached skill level 6 in Long Blades
  6021 | D:6      | Reached * piety under the Shining One
  6024 | D:6      | Found an opulent altar of Gozag.
  6150 | D:6      | Reached skill level 5 in Fighting
  6433 | D:6      | Noticed Edmund
  6444 | D:6      | Killed Edmund
  6540 | D:6      | Noticed Eustachio
  6571 | D:6      | Killed Eustachio
  6832 | D:7      | Noticed Prince Ribbit
  6844 | D:7      | Killed Prince Ribbit
  6844 | D:7      | Reached skill level 7 in Long Blades
  6865 | D:7      | Noticed Joseph
  6865 | D:7      | Noticed Duvessa
  6866 | D:7      | Noticed Dowan
  6895 | D:7      | Killed Duvessa
  6895 | D:7      | Reached skill level 5 in Invocations
  6913 | D:7      | Killed Joseph
  6913 | D:7      | Reached XP level 10. HP: 27/76 MP: 12/14
  6924 | D:7      | Killed Dowan
  7553 | D:7      | Found a white marble altar of Elyvilon.
  7690 | D:8      | Found a sacrificial altar of Ru.
  7887 | D:8      | Reached skill level 8 in Long Blades
  8361 | D:8      | Reached ** piety under the Shining One
  8582 | D:8      | Found Launuluc's Armour Shoppe.
  8637 | D:8      | Found a burning altar of Makhleb.
  8793 | D:9      | Found a hazy altar of Hepliaklqana.
  9411 | D:10     | Entered Level 10 of the Dungeon
  9531 | D:10     | Found Nyblengei's Food Shoppe.
  9794 | D:10     | Noticed an unseen horror
  9812 | D:10     | Killed an unseen horror
 10470 | D:11     | Noticed Harold
 10481 | D:11     | Reached XP level 11. HP: 50/81 MP: 16/16
 10488 | D:11     | Reached skill level 9 in Long Blades
 10527 | D:11     | Killed Harold
 10853 | D:11     | Mangled by an orc warrior

Illustrated notes

Levels and vault maps discovered:
D:1:      dpeg_arrival_arbitrary_c, layout_loops_corners
D:2:      layout_basic, old_standard_altar, chequers_ecumenical_altar_island,
          minmay_octomino_c4
D:3:      layout_loops_ring, lemuel_round_altar, old_standard_altar,
          dancing_weapons_uskayaw, bloody_trog, minmay_pentomino_pile
D:4:      layout_rooms, nicolae_overflow_hidden_temple, doesnt_xom_only_xom,
          first_ration, fountainhead, serial_bayou_crossing,
          uniq_crazy_yiuf_cottage
D:5:      layout_cave_pools, old_standard_altar, minmay_temple_entry_glass,
          serial_gnoll_camp, grums_kennel, gnoll_camp_mini_shop,
          gnoll_camp_mini_house, gnoll_camp_mini_basic, kennysheep_nub
D:6:      layout_cave_pods, marbit_many_paths, serial_column_ruins,
          column_ruins_open_large, column_ruins_grid_1, column_ruins_grid_1,
          column_ruins_open_tiny, uniq_edmund, uniq_eustachio
D:7:      layout_rooms, elyvilon_altar_1, grunt_ogre_cave, uniq_joseph,
          uniq_duvessa, uniq_prince_ribbit1
D:8:      layout_basic, kennysheep_mini_moat, nicolae_ru_path_of_blood,
          serial_shops, kennysheep_little_box
D:9:      layout_irregular_city, lemuel_round_altar
D:10:     layout_roguey, serial_shops, nicolae_shop_stone
D:11:     layout_roguey, erik_lair_island, hiddenorc1_lemuel, uniq_harold
Temple:   compressed_dpeg_triangle_lava_temple

Skill      XL: |  1  2  3  4  5  6  7  8  9 10 11 |
---------------+----------------------------------+-----
Throwing       | 1 2 3 4 |  4.7
Dodging        | 1 2 |  2.3
Shields        | 4 5 6 7 8 |  8.7
Armour         | 4 5 6 7 8 |  8.5
Long Blades    | 3 4 5 7 8 9 |  9.5
Fighting       | 4 5 6 |  6.6
Invocations    | 3 5 6 7 |  7.6
Stealth        | |  0.3

Action                   |  1- 3 |  4- 6 |  7- 9 | 10-12 || total
-------------------------+-------+-------+-------+-------++-------
Melee: Long sword        |   112 |   152 |   324 |   353 ||   941
Throw: Dart              |    30 |    38 |    37 |    46 ||   151
Invok: Divine Shield     |       |       |       |     1 ||     1
 Abil: Dig               |       |     1 |     5 |     3 ||     9
  Use: Scroll            |     5 |     7 |     7 |     4 ||    23
       Potion            |       |     1 |     1 |     3 ||     5
  Eat: Chunk             |     1 |     8 |    12 |    13 ||    34
Armor: Scale mail        |    55 |     8 |       |     3 ||    66
       Chain mail        |       |    82 |   156 |    22 ||   260
       Plate armour      |       |       |       |    73 ||    73
Dodge: Dodged            |    35 |    44 |   105 |    54 ||   238
Block: Kite shield       |    53 |   103 |   222 |   193 ||   571
       Rpst.: Long sword |    14 |    15 |    40 |    13 ||    82
